 Dungeon Crawl Stone Soup version 0.31-a0-43-g46d131a48f (webtiles) character file.

Game seed: 16509863487677424941

9437 lunkers the Brawler (level 12, 0/105 HPs)
             Began as a Meteoran Wanderer on May 18, 2023.
             Was an Elder of Okawaru.
             Killed from afar by a swamp worm (2 damage)
             ... with a harpoon shot
             ... on level 10 of the Dungeon.
             The game lasted 00:17:58 (5138 turns).

lunkers the Brawler (Meteoran Wanderer)             Turns: 5138, Time: 00:17:59

Health: 0/105      AC: 20    Str: 21    XL:     12   Next: 5%
Magic:  16/16      EV:  6    Int: 13    God:    Okawaru [****..]
Gold:   500        SH:  5    Dex: 13    Spells: 13/13 levels left

rFire   . .          .
                       - Unarmed
rCold   . . .        c - +1 buckler
rNeg    . . .        n - +6 plate armour "Caoruel" {Regen+}
rPois   +            k - +0 helmet
rElec   .            (no cloak)
rCorr   +            (no gloves)
SInv    .            F - +0 pair of boots
Will    +....        (no amulet) Stlth
                     j - ring of resist corrosion
HPRegen 1.17/turn    t - ring of poison resistance
MPRegen 0.15/turn

%: no passive effects
@: lethally poisoned (0 -> -8), slowed, glowing, very slow
A: sense surroundings 2, otherworldly, glowing, explore regen
a: Renounce Religion, Heroism, Finesse


You were on level 10 of the Dungeon.
You worshipped Okawaru.
Okawaru was greatly pleased with you.
You visited 2 branches of the dungeon, and saw 11 of its levels.
You also visited: Sewer.

You collected 500 gold pieces.

Inventory:

Hand Weapons
 a - a +0 club
Armour
 c - a +1 buckler (worn)
 k - a +0 helmet (worn)
 n - the +6 plate armour "Caoruel" (worn) {Regen+}
   (You found it on level 3 of the Dungeon)

   Regen:     It increases your rate of health regeneration.
 F - a +0 pair of boots (worn)
Jewellery
 j - a ring of resist corrosion (left hand)
 l - a ring of resist corrosion
 t - a ring of poison resistance (right hand)
 w - a ring of see invisible
Wands
 i - a wand of roots (8)
 x - a wand of flame (22)
 E - a wand of polymorph (4)
 G - a wand of quicksilver (5)
Scrolls
 d - 3 scrolls of fear
 f - 5 scrolls of blinking
 u - 2 scrolls of teleportation
 y - a scroll of noise {unknown}
 B - a scroll of enchant weapon {unknown}
 C - a scroll of silence {unknown}
 D - a scroll of brand weapon {unknown}
Potions
 b - 2 potions of heal wounds
 e - a potion of invisibility
 g - 5 potions of curing
 h - 5 potions of attraction
 m - 3 potions of lignification
 p - 2 potions of might {unknown}
 q - 2 potions of resistance
 r - a potion of magic {unknown}
 s - a potion of mutation {unknown}
 v - a potion of haste {unknown}
 z - a potion of cancellation {unknown}
 A - 2 potions of flight


   Skills:
 + Level 9.4 Fighting
 + Level 5.3 Armour
 - Level 1.2 Dodging
 - Level 1.2 Shields
 + Level 16.8 Unarmed Combat
 - Level 1.3 Spellcasting
 - Level 2.4 Poison Magic
 - Level 5.0 Invocations
 - Level 1.2 Evocations


You had 13 spell levels left.
You didn't know any spells.
Your spell library contained the following spells:

 Spells                   Type           Power      Damage    Failure   Level
 Kiss of Death            Conj/Necr      0%         2d5       100%        1
 Shock                    Conj/Air       0%         1d3       100%        1
 Cigotuvi's Dreadful Rot  Necr/Pois/Air  4%         N/A       100%        2
 Poisonous Vapours        Pois/Air       8%         N/A       100%        2
 Confusing Touch          Hex            0%         N/A       100%        3
 Swiftness                Air            0%         N/A       100%        3
 Airstrike                Air            0%         2d(0-16)  100%        4
 Dispel Undead            Necr           0%         3d6       100%        4
 Iskenderun's Battlesphe  Conj           0%         2d6       100%        5
 Iron Shot                Conj/Erth      0%         9d1       100%        6
 Summon Ice Beast         Ice/Summ       Unusable   N/A       N/A         4
 Summon Mana Viper        Hex/Summ       Unusable   N/A       N/A         5
 Monstrous Menagerie      Summ           Unusable   N/A       N/A         7
 Spellforged Servitor     Conj/Summ      Unusable   N/A       N/A         7

Dungeon Overview and Level Annotations

Branches:
Dungeon (10/15) Zot: 1616  Temple (1/1) D:6 Zot: 404   Sewer (visited)
   Lair: D:8-11         Orc: D:9-12

Altars:
Ashenzari
Cheibriados
Elyvilon
Fedhas
Gozag
Hepliaklqana
Kikubaaqudgha
Nemelex Xobeh
Okawaru
Qazlal
Sif Muna
Uskayaw
Vehumet
Xom
Yredelemnul
Zin
The Shining One

Shops:
D:9 ((

Annotations:
D:6 3 runed translucent doors, BlasphemerAmon's ghost, novice TrFi
D:8 2 transporters
D:10 1 transporter


Innate Abilities, Weirdness & Mutations

You passively map the area around you.
You are easily found by Zot.
You glow in the dark.
You regain HP and MP as you explore.


Message History

The harpoon shot hits you but does no damage.
The swamp worm fires a harpoon shot at you.
The harpoon shot hits you but does no damage.
You struggle against the net.
The swamp worm fires a harpoon shot at you.
The harpoon shot hits you!
* * * LOW HITPOINT WARNING * * *
You are yanked forward by the harpoon shot.
You violently stop moving!
* * * LOW HITPOINT WARNING * * *
You feel much better.
The swamp worm fires a harpoon shot at you.
The harpoon shot hits you!
* * * LOW HITPOINT WARNING * * *
You are yanked forward by the harpoon shot.
You violently stop moving!
Unknown command.
Blink to where?
Press: ? - help, Dir - move target Really blink into that cloud of foul pestilence?
Okay, then.
Blink to where?
Press: ? - help, Dir - move target, f - you
Okay, then.
Unknown command.
Blink to where?
Press: ? - help, Dir - move target Really blink into that cloud of foul pestilence?
As you read the scroll of blinking, it crumbles to dust.
You are engulfed in dark miasma.
You feel yourself slow down.
* * * LOW HITPOINT WARNING * * *
You open the door.
You are engulfed in dark miasma.
You are lethally poisoned!
You feel as though you will be slow longer.
* * * LOW HITPOINT WARNING * * *
* * * LOW HITPOINT WARNING * * *
You feel extremely sick.
The swamp worm fires a harpoon shot at you.
The harpoon shot hits you.
You die...

#............#####...#..8# #☼#
#..........###P©P###.#..#####.##
,#..........#♣≈P^P≈##.#..#.......
#....#####.##≈.^P≈w#.#..'.......
##....##.##.#w§.^§≈##....#.......
......))....###○^P≈♣#....##.#####
......)..<..#♣≈P^☼###..##8#°# #
.......)....##≈P^P§w#....##§# #
............#w≈P@P≈##....##### #
............####'####........#
#........###..#($/#..........#
#........##...#=©[#..........#
#.............#####.....###..#
#.....>.........©.......# ..#,,
#..............#........# * * ,,
#..............#........# * ,.
########'##....#........# ,..


You could see 4 swamp worms.

Vanquished Creatures
  2 centaur warriors
  2 two-headed ogres
  A deep elf pyromancer (D:8)
  An ugly thing (D:9)
  A cyclops (D:9)
  A hornet (D:8)
  A tarantella (shapeshifter) (D:9)
  4 yaks (D:8)
  2 wyverns (D:10)
  A basilisk (D:10)
  A vampire mosquito (D:10)
  Menkaure (D:6)
  A steam dragon (D:9)
  6 water moccasins
  Edmund (D:6)
  5 orc warriors
  A sky beast (D:7)
  3 black bears
  2 ogres
  2 wolves (D:10)
  4 centaurs
  A phantom (D:4)
  A gnoll sergeant (D:9)
  4 kobold brigands
  4 bullfrogs
  A wight (D:9)
  5 killer bees (D:9)
  4 howler monkeys
  A vampire bat (D:3)
  3 orc priests
  4 hounds
  A jelly (D:7)
  12 orc wizards
  3 gnolls (D:3)
  7 river rats (Sewer)
  8 adders
  An ufetubus (D:4)
  2 dart slugs
  3 fire bats (D:3)
  26 orcs
  2 spectral bats (D:3)
  14 bats
  3 bat skeletons (D:3)
  A bat zombie (D:3)
  4 endoplasms
  3 giant cockroaches
  5 goblins
  4 hobgoblins
  7 jackals (Sewer)
  18 kobolds
  2 quokkas
  3 ball pythons (D:4)
  A bat simulacrum (D:3)
  8 frilled lizards
  7 rats
216 creatures vanquished.

Notes
Turn   | Place    | Note
-------+----------+-------------------------------------------
     0 | D:1      | lunkers the Meteoran Wanderer began the quest for the Orb.
     0 | D:1      | lunkers set off with the following items: a +0 club, a
                  | potion of heal wounds, a +0 buckler, a scroll of fear, a +0
                  | leather armour, a scroll of blinking; and the following
                  | spells available to memorise: Poisonous Vapours, Cigotuvi's
                  | Dreadful Rot.
     0 | D:1      | Reached XP level 1. HP: 17/17 MP: 3/3
    88 | D:1      | Reached XP level 2. HP: 21/25 MP: 5/5
   267 | D:1      | Reached skill level 3 in Unarmed Combat
   397 | D:2      | Reached XP level 3. HP: 29/30 MP: 6/6
   460 | D:2      | Found a hide-covered altar of Uskayaw.
   751 | D:3      | Reached skill level 4 in Unarmed Combat
   757 | D:3      | Reached XP level 4. HP: 20/37 MP: 7/7
   846 | D:3      | Identified the +6 plate armour "Caoruel" {Regen+}
   899 | D:3      | Reached skill level 5 in Unarmed Combat
   912 | D:3      | Reached XP level 5. HP: 42/42 MP: 8/8
   973 | D:3      | Reached skill level 6 in Unarmed Combat
   983 | D:3      | Reached XP level 6. HP: 50/50 MP: 9/9
  1325 | D:4      | Found a glowing drain.
  1340 | Sewer    | Entered a sewer
  1360 | Sewer    | Reached skill level 7 in Unarmed Combat
  1776 | Sewer    | Glimpsed the power of Zot.
  1807 | D:4      | Reached XP level 7. HP: 56/56 MP: 10/10
  1814 | D:4      | Reached skill level 8 in Unarmed Combat
  2051 | D:4      | Reached skill level 9 in Unarmed Combat
  2140 | D:4      | Reached XP level 8. HP: 60/62 MP: 11/11
  2170 | D:5      | Entered Level 5 of the Dungeon
  2291 | D:5      | Found a glowing silver altar of Zin.
  2370 | D:5      | Noticed a two-headed ogre
  2381 | D:5      | Killed a two-headed ogre
  2382 | D:5      | Reached skill level 12 in Unarmed Combat
  2382 | D:5      | Gained mutation: You passively map the area around you.
                  | [Meteoran growth]
  2382 | D:5      | Reached XP level 9. HP: 27/68 MP: 12/12
  2467 | D:6      | Noticed Edmund
  2474 | D:6      | Killed Edmund
  2679 | D:6      | Found a staircase to the Ecumenical Temple.
  2691 | Temple   | Entered the Ecumenical Temple
  2866 | Temple   | Became a worshipper of Warmaster Okawaru
  2892 | D:6      | Noticed Menkaure
  2898 | D:6      | Killed Menkaure
  2899 | D:6      | Reached skill level 13 in Unarmed Combat
  2953 | D:6      | Found a runed translucent gate.
  2953 | D:6      | Found a runed translucent gate.
  2953 | D:6      | Found a runed translucent gate.
  2957 | D:6      | Noticed BlasphemerAmon's ghost (novice TrFi)
  3213 | D:7      | Reached skill level 1 in Invocations
  3406 | D:7      | Reached * piety under Okawaru
  3425 | D:7      | Reached skill level 5 in Invocations
  3425 | D:7      | Reached XP level 10. HP: 71/74 MP: 14/14
  3577 | D:7      | Reached skill level 14 in Unarmed Combat
  3791 | D:8      | Found a transporter.
  3791 | D:8      | Found a transporter.
  3792 | D:8      | Noticed a tengu warrior
  3792 | D:8      | Noticed a cyclops
  3792 | D:8      | Noticed a two-headed ogre
  3793 | D:8      | Noticed a komodo dragon
  3933 | D:8      | Noticed a centaur warrior
  3933 | D:8      | Noticed a deep elf pyromancer
  3933 | D:8      | Noticed a deep elf pyromancer
  3944 | D:8      | Killed a deep elf pyromancer
  3944 | D:8      | Reached ** piety under Okawaru
  3945 | D:8      | Reached skill level 15 in Unarmed Combat
  4005 | D:8      | Reached skill level 16 in Unarmed Combat
  4031 | D:8      | Noticed a two-headed ogre
  4044 | D:8      | Killed a two-headed ogre
  4045 | D:8      | Reached skill level 5 in Fighting
  4105 | D:8      | Killed a centaur warrior
  4106 | D:8      | Reached XP level 11. HP: 26/91 MP: 12/15
  4178 | D:8      | Identified the ring "Tihunuu" {Will+ Str+5 Slay+4}
  4179 | D:8      | Found a shimmering altar of Xom.
  4224 | D:8      | Reached *** piety under Okawaru
  4273 | D:9      | Found Kesogife's Antique Weapon Shoppe.
  4336 | D:9      | Found a sparkling altar of Nemelex Xobeh.
  4396 | D:9      | Reached skill level 1 in Armour
  4430 | D:9      | Found a snail-covered altar of Cheibriados.
  4432 | D:9      | Found a glowing golden altar of the Shining One.
  4438 | D:9      | Found a hide-covered altar of Uskayaw.
  4508 | D:9      | Found Kixite's Weapon Emporium.
  4597 | D:9      | Noticed a centaur warrior
  4662 | D:9      | Noticed a green ugly thing
  4701 | D:9      | Noticed a cyclops
  4717 | D:9      | Killed a cyclops
  4733 | D:9      | Killed a centaur warrior
  4733 | D:9      | Reached **** piety under Okawaru
  4762 | D:9      | Killed a green ugly thing
  4864 | D:10     | Entered Level 10 of the Dungeon
  4889 | D:10     | Found a transporter.
  4998 | D:10     | Found a transporter.
  5045 | D:10     | Reached skill level 5 in Armour
  5048 | D:10     | Reached XP level 12. HP: 45/105 MP: 13/16
  5138 | D:10     | HP: 2/105 [poison (dark miasma)]
  5138 | D:10     | Killed from afar by a swamp worm

Illustrated notes

Levels and vault maps discovered:
D:1:      dpeg_arrival_three_bigger_balls, layout_basic, kennysheep_nondescript
D:2:      layout_basic, basic_altar, minmay_hexomino_c4
D:3:      layout_loops_ring, goddamned_bats
D:4:      layout_cave_pods, cheibrodos_sewer_entry_drain
D:5:      layout_layer_cave, nicolae_overflow_hallway_of_the_gods, minivault_27,
          grunt_decor_cap
D:6:      layout_loops_ring, minmay_temple_entry_tees,
          gammafunk_ghost_nasty_kobolds, uniq_menkaure, uniq_edmund
D:7:      layout_layer_cave
D:8:      minmay_the_grid_triangle_9x9_rhombus_thin
          [minmay_the_grid_triangle_9x9_intruding_spiral,
          minmay_the_grid_triangle_9x9_prize_schism,
          minmay_the_grid_triangle_9x9_empty,
          minmay_the_grid_triangle_9x9_alien], layout_gridville,
          gammafunk_temple_overflow_arena
D:9:      layout_basic, nemelex_spade_bored_becter,
          gammafunk_temple_overflow_forgotten, serial_corexii_hall,
          chequers_hall_statues_wall_a, corexii_hall_statues_l,
          corexii_hall_statues_deadend, corexii_hall_statues_t, serial_shops,
          nicolae_shop_getting_attention, shop_fountains,
          minmay_fractal_squares_gapless_7
D:10:     gammafunk_worm_tunnel, layout_stronghold, minmay_lair_entry_grove,
          lemuel_flamethrower_hall
Temple:   nicolae_temple_bog_church

Skill      XL: |  1  2  3  4  5  6  7  8  9 10 11 |
---------------+----------------------------------+-----
Unarmed Combat | 3 4 5 6 7 9 12 13 16 | 16.8
Invocations    | 5 |  5.0
Fighting       | 6 9 |  9.4
Armour         | 5 |  5.3
Dodging        | |  1.2
Shields        | |  1.2
Spellcasting   | |  1.3
Poison Magic   | |  2.4
Evocations     | |  1.2

Action                     |  1- 3 |  4- 6 |  7- 9 | 10-12 || total
---------------------------+-------+-------+-------+-------++-------
  Melee: Club              |    15 |       |       |       ||    15
         Unarmed           |    81 |   246 |   199 |   311 ||   837
 Invoke: Heroism           |       |       |       |     7 ||     7
  Evoke: Wand              |       |       |     1 |       ||     1
    Use: Scroll            |       |     4 |     4 |     5 ||    13
         Potion            |       |       |     2 |     2 ||     4
 Armour: Leather armour    |    33 |     1 |       |       ||    34
         Plate armour      |       |   201 |   151 |   249 ||   601
  Dodge: Dodged            |    49 |    56 |    37 |    87 ||   229
  Block: Buckler           |     9 |    62 |    48 |    90 ||   209

Table legend: (Time is in decaauts)
 A = Elapsed time spent in this place.
 B = Non-inter-level travel time spent in this place.
 C = Inter-level travel time spent in this place.
 D = Time resting spent in this place.
 E = Time spent auto-exploring this place.
 F = Levels seen in this place.
 G = Mean time per level.
                   A        B        C        D        E       F      G
               +--------+--------+--------+--------+--------+-----+--------+
         Total |   5093 |   4994 |     99 |      0 |   3171 |  12 |  424.4 |
       Dungeon |   4381 |   4301 |     80 |      0 |   2779 |  10 |  438.1 |
        Temple |    195 |    176 |     19 |      0 |    143 |   1 |  195.0 |
         Sewer |    516 |    516 |      0 |      0 |    248 |   1 |  516.0 |
               +--------+--------+--------+--------+--------+-----+--------+

Top non-repeatable levels by time:
     D:7: 636 daAuts
     D:9: 573 daAuts
     D:3: 555 daAuts
     D:6: 553 daAuts
   Sewer: 516 daAuts
     D:8: 437 daAuts
     D:4: 424 daAuts
     D:2: 381 daAuts
     D:1: 350 daAuts
    D:10: 253 daAuts
     D:5: 217 daAuts
  Temple: 195 daAuts
